 Dungeon Crawl Stone Soup version 0.25-a0-263-g9d16a9d099 (webtiles) character file.

Game seed: 14667027147053852722, levelgen mode: deterministic

679 Essalna the Skirmisher (level 7, -4/56 HPs)
             Began as a Demonspawn Berserker on Dec 7, 2019.
             Was a Priest of Trog.
             Slain by a worker ant (5 damage)
             ... on level 5 of the Dungeon.
             The game lasted 00:08:39 (3341 turns).

Essalna the Skirmisher (Demonspawn Berserker)       Turns: 3341, Time: 00:08:39

Health: -4/56      AC:  7    Str: 20    XL:     7   Next: 34%
Magic:  7/7        EV: 10    Int:  8    God:    Trog [***...]
Gold:   219        SH:  3    Dex: 12    Spells: 6/6 levels left

rFire    . . .     SeeInvis .   a - +0 falchion
rCold    . . .     Gourm    .   w - +0 buckler (curse)
rNeg     . . .     Faith    .   A - +0 ring mail {MR+}
rPois    .         Spirit   .   (no helmet)
rElec    .         Reflect  .   n - +0 cloak (curse)
rCorr    .         Harm     .   (no gloves)
MR       +....                  (no boots)
Stlth    +.........             (no amulet)
HPRegen  0.18/turn              q - ring of stealth
MPRegen  0.10/turn              (no ring)

@: lethally poisoned (-4 -> -17)
A: hooves 2, powered by pain 2
a: Berserk, Trog's Hand, Renounce Religion


You were on level 5 of the Dungeon.
You worshipped Trog.
Trog was most pleased with you.
You were hungry.

You visited 1 branch of the dungeon, and saw 5 of its levels.

You collected 219 gold pieces.

Inventory:

Hand Weapons
 a - a +0 falchion (weapon)
Armour
 b - a +0 animal skin
 i - a +0 ring mail
 n - a cursed +0 cloak (worn)
 w - a cursed +0 buckler (worn)
 A - a +0 ring mail of magic resistance (worn)
Jewellery
 q - a ring of stealth (left hand)
 y - an uncursed ring of poison resistance {unknown}
Wands
 m - a wand of polymorph (6)
 u - a wand of disintegration (8)
 z - a wand of digging (1)
Scrolls
 f - 5 scrolls of identify {unknown}
 g - a scroll of immolation {unknown}
 h - 4 scrolls of enchant armour {unknown}
 j - 2 scrolls of fog {unknown}
 k - 2 scrolls of remove curse {unknown}
 l - a scroll of blinking {unknown}
 s - a scroll of noise {unknown}
 v - a scroll of amnesia {unknown}
 x - a scroll of teleportation {unknown}
 B - a scroll of enchant weapon {unknown}
Potions
 d - a potion of degeneration {unknown}
 e - 2 potions of berserk rage {unknown}
 o - a potion of heal wounds {unknown}
 p - a potion of cancellation {unknown}
 r - a potion of flight {unknown}
 t - 3 potions of curing
Comestibles
 c - 11 rations


   Skills:
 + Level 5.5 Fighting
 + Level 5.0 Long Blades
 + Level 4.5 Armour
 - Level 1.7 Dodging


You had 6 spell levels left.
You didn't know any spells.
Your spell library was empty.

Dungeon Overview and Level Annotations

Branches:
Dungeon (5/15)
 Temple: D:4-7

Altars:
Elyvilon
Fedhas
Makhleb
Qazlal

Annotations:
D:2 exclusion: oklob plant


Innate Abilities, Weirdness & Mutations

You have hoof-like feet.
You sometimes gain power by taking damage.


Message History

The worker ant is moderately wounded.
You feel sick. The worker ant bites you.
You closely miss the worker ant. You kick the worker ant.
The worker ant is heavily wounded.
You feel sick. The worker ant barely misses you.
You hit the worker ant.
The worker ant is severely wounded.
You feel sick. The worker ant closely misses you. The worker ant bites you.
* * * LOW HITPOINT WARNING * * *
You barely miss the worker ant. You kick the worker ant.
The worker ant is severely wounded.
You feel sick. The worker ant bites you.
* * * LOW HITPOINT WARNING * * *
You are more poisoned.
The worker ant poisons you!
You barely miss the worker ant. Your kick misses the worker ant.
The worker ant is severely wounded.
* * * LOW HITPOINT WARNING * * *
You feel sick. The worker ant bites you.
You die...

#.# .. #.# ..
##.# ##..#
#..#
######<.####
#.......@...#
#####...†a...#
#..........#
#...........#
#............
#............
##...........
#...........


You could see a worker ant.

Vanquished Creatures
  Sigmund (D:4)
  An ogre (D:4)
  A hound (D:4)
  An orc priest (D:4)
  Ijyb (D:3)
  Natasha (thrice) (D:2)
  An orc wizard (D:4)
  2 worker ants
  4 gnolls (D:2)
  A howler monkey skeleton (D:5)
  8 adders
  2 oozes (D:3)
  A worm (D:4)
  3 dart slugs
  3 leopard geckos
  13 orcs
  A ball python (D:2)
  5 bats
  2 giant cockroaches
  4 goblins
  5 hobgoblins
  3 kobolds (D:3)
  A quokka (D:4)
  3 frilled lizards (D:2)
  A quokka skeleton (D:4)
  4 rats
75 creatures vanquished.

Vanquished Creatures (others)
  16 toadstools (D:2)
16 creatures vanquished.

Grand Total: 91 creatures vanquished

Notes
Turn   | Place    | Note
-------+----------+-------------------------------------------
     0 | D:1      | Essalna the Demonspawn Berserker began the quest for the
                  | Orb.
     0 | D:1      | Reached XP level 1. HP: 18/18 MP: 1/1
   658 | D:2      | Gained mutation: You have large cloven feet. [demonic
                  | ancestry]
   658 | D:2      | Reached XP level 2. HP: 16/24 MP: 2/2
   899 | D:2      | Noticed Natasha
   909 | D:2      | Killed Natasha
   909 | D:2      | Gained mutation: You sometimes gain a little power by
                  | taking damage. [demonic ancestry]
   909 | D:2      | Reached XP level 3. HP: 13/29 MP: 3/3
  1074 | D:2      | Found a burning altar of Makhleb.
  1123 | D:2      | Found a white marble altar of Elyvilon.
  1212 | D:2      | Noticed Natasha
  1213 | D:2      | Found a stormy altar of Qazlal.
  1219 | D:2      | Killed Natasha
  1219 | D:2      | Reached XP level 4. HP: 37/37 MP: 4/4
  1318 | D:2      | Noticed Natasha
  1328 | D:2      | Killed Natasha
  1382 | D:2      | Reached ** piety under Trog
  1526 | D:2      | Gained mutation: You have hoof-like feet. [demonic
                  | ancestry]
  1526 | D:2      | Reached XP level 5. HP: 42/42 MP: 5/5
  1658 | D:2      | Found a blossoming altar of Fedhas.
  1674 | D:2      | Noticed an oklob plant
  2591 | D:4      | Noticed an ogre
  2598 | D:4      | Killed an ogre
  2598 | D:4      | Gained mutation: You sometimes gain power by taking damage.
                  | [demonic ancestry]
  2598 | D:4      | Reached XP level 6. HP: 25/49 MP: 6/6
  2689 | D:4      | Noticed Ijyb
  2766 | D:3      | Killed Ijyb
  2906 | D:4      | Reached *** piety under Trog
  2929 | D:4      | Reached skill level 5 in Fighting
  2949 | D:4      | Noticed Sigmund
  3087 | D:4      | Killed Sigmund
  3087 | D:4      | Reached XP level 7. HP: 38/56 MP: 7/7
  3321 | D:5      | Entered Level 5 of the Dungeon
  3327 | D:5      | Reached skill level 5 in Long Blades
  3341 | D:5      | HP: 1/56 [poisoned by a worker ant]
  3341 | D:5      | Slain by a worker ant

Levels and vault maps discovered:
D:1:      nagdon_arrival_double_spiral, layout_basic, minmay_crystal_room
D:2:      layout_loops_ring, nicolae_qazlal_eye_of_the_storm,
          lemuel_doored_altar, tgw_fedhas, first_ration, bloody_makhleb,
          uniq_natasha
D:3:      layout_loops_cross, dk_noncrumbling_3
D:4:      layout_cave_pools, uniq_ijyb, uniq_sigmund
D:5:      layout_cave_pods, minmay_temple_entry_slanted, gammafunk_ghost_smash

Skill      XL: |  1  2  3  4  5  6  7 |
---------------+----------------------+-----
Armour         | 2 3 4 |  4.5
Long Blades    | 3 4 5 |  5.0
Fighting       | 4 5 |  5.5
Dodging        | |  1.7

Action                   |  1- 3 |  4- 6 |  7- 9 || total
-------------------------+-------+-------+-------++-------
Melee: Falchion          |    47 |   179 |    19 ||   245
       Kick              |     6 |    57 |     5 ||    68
Invok: Berserk           |       |     1 |       ||     1
 Stab: Sleeping          |       |     1 |       ||     1
  Eat: Chunk             |     1 |     7 |       ||     8
Armor: Ring mail         |     9 |    68 |     4 ||    81
       Skin              |       |     4 |       ||     4
Dodge: Dodged            |    24 |   100 |    11 ||   135
Block: Buckler           |       |     7 |     2 ||     9
       Rpst.: Falchion   |    13 |    32 |     4 ||    49

Table legend:
 A = Non-vault XP
 B = Vault XP
 C = Vault XP percentage of total XP
 D = Non-vault monster count
 E = Vault monster count
 F = Vault count percentage of total count
                 A         B        C        D         E       F
            +---------+---------+-------+---------+---------+-------
      Total |     679 |     292 |  30.1 |      72 |       3 |   4.0
            +---------+---------+-------+---------+---------+-------
        D:1 |      10 |       0 |   0.0 |       4 |       0 |   0.0
        D:2 |     184 |      36 |  16.4 |      24 |       1 |   4.0
        D:3 |     142 |      36 |  20.2 |      26 |       1 |   3.7
        D:4 |     282 |     220 |  43.8 |      15 |       1 |   6.2
        D:5 |      61 |       0 |   0.0 |       3 |       0 |   0.0
            +---------+---------+-------+---------+---------+-------
